 Dungeon Sprint DCSS version 0.19.1 (webtiles) character file.

16816 dvd the Severer (level 12, -13/86 HPs)
             Began as a Minotaur Fighter on Dec 13, 2016.
             Was the Champion of Trog.
             Mangled by the 27-headed Lernaean hydra (14 damage)
             ... in the Dungeon (Sprint I: "Red Sonja").
             The game lasted 00:22:03 (3026 turns).

dvd the Severer (Minotaur Fighter)                  Turns: 3026, Time: 00:22:05

Health: -13/86     AC: 14    Str: 22    XL:     12   Next: 13%
Magic:  9/9        EV: 20    Int:  5    God:    Trog [******]
Gold:   264        SH:  0    Dex: 15    Spells: 0 memorised, 11 levels left

rFire  . . .     SeeInvis +     g - +2 battleaxe (freeze)
rCold  . . .     Gourm    .     p - +7 ring mail "Muyjienate" {Regen+ rCorr Dex+2}
rNeg   . . .     Faith    .     (shield currently unavailable)
rPois  .         Spirit   .     j - +0 mask of the Dragon {MR+ Slay+3 SInv}
rElec  .         Reflect  .     (no cloak)
rCorr  +         Harm     .     o - +0 pair of gloves {Dex+3}
MR     +....     NoTele   +     (no boots)
Stlth  +.........               (no amulet)
                                (no ring)
                                d - +5 ring of evasion

@: no status effects
A: retaliatory headbutt, horns 2, blurry vision 1, clumsy 1, deformed body,
frail 3, low mp 1, screaming 2, weak 1, MP-powered wands
a: Berserk, Trog's Hand, Brothers in Arms, Burn Spellbooks, Renounce Religion


You were in the Dungeon.
You worshipped Trog.
Trog was exalted by your worship.
You were not hungry.

You visited 1 branch You collected 1735 gold pieces.
You spent 1471 gold pieces at shops.

Inventory:

Hand Weapons
 e - a +2 hand axe of electrocution
 g - a +2 battleaxe of freezing (weapon)
 l - the +5 shortbow of Kiafri {freeze, Int+3}
   (Trog gifted it to you in the Dungeon)

   It causes projectiles fired from it to freeze those they strike, causing
   extra injury to most foes and up to half again as much damage against
   particularly susceptible opponents.
   They can also slow down cold-blooded creatures.
   It affects your intelligence (+3).
 q - a +3 antimagic long sword
 r - a +0 antimagic quarterstaff
 s - a +1 antimagic broad axe
Armour
 c - a +1 shield
 j - the +0 mask of the Dragon (worn) {MR+ Slay+3 SInv}
   (You found it in the Dungeon)

   It affects your accuracy and damage with ranged weapons and melee attacks
   (+3).
   It affects your resistance to hostile enchantments.
   It lets you see invisible.
 m - a +2 chain mail of cold resistance
 o - a +0 pair of gloves of dexterity (worn)
 p - the +7 ring mail "Muyjienate" (worn) {Regen+ rCorr Dex+2}
   (You bought it in a shop in the Dungeon)

   It affects your dexterity (+2).
   It increases your rate of regeneration.
   It protects you from acid and corrosion.
Jewellery
 d - a +5 ring of evasion (left hand)
Scrolls
 k - 2 scrolls of blinking
Potions
 b - a potion of curing
 h - a potion of haste
 i - 2 potions of magic
Comestibles
 f - a bread ration


   Skills:
 + Level 16.7 Fighting
 + Level 19.0 Axes
 + Level 15.9 Armour
 + Level 7.0 Dodging
 + Level 1.3 Stealth
 + Level 18.4 Shields


You had 11 spell levels left.
You didn't know any spells.

Dungeon Overview and Level Annotations

Branches:
Dungeon (1/1)

Altars:
Cheibriados
Dithmenos
Elyvilon
Fedhas
Gozag
Hepliaklqana
Kikubaaqudgha
Makhleb
Nemelex Xobeh
Okawaru
Qazlal
Ru
Sif Muna
Trog
Uskayaw
Vehumet
Xom
Yredelemnul
Zin
The Shining One
Jiyva
Lugonu

Shops:
D ?:*=%((?=%}%%?([%*([%

Annotations:
D Lernaean hydra


Innate Abilities, Weirdness & Mutations

You reflexively headbutt those who attack you in melee.
You have a pair of horns on your head.
Scrolls take you a little longer to read.
You are clumsy. (Dex -2)
Armour fits poorly on your strangely shaped body.
You are extremely frail. (-30% HP)
Your magical capacity is low. (-10% MP)
You sometimes yell uncontrollably at your foes.
You are weak. (Str -2)
You expend magic power (3 MP) to strengthen your wands.


Message History

Really read with blurry vision while enemies are nearby? [Y]es or [N]o only, please.
Really read with blurry vision while enemies are nearby? [Y]es or [N]o only, please.
Really read with blurry vision while enemies are nearby? [Y]es or [N]o only, please.
Really read with blurry vision while enemies are nearby?
The 27-headed Lernaean hydra barely misses you.
The 27-headed Lernaean hydra bites you.
* * * LOW HITPOINT WARNING * * *
The 27-headed Lernaean hydra bites you but does no damage. x2
The 27-headed Lernaean hydra bites you!
* * * LOW HITPOINT WARNING * * *
The 27-headed Lernaean hydra bites you but does no damage.
The 27-headed Lernaean hydra bites you.
* * * LOW HITPOINT WARNING * * *
The 27-headed Lernaean hydra bites you but does no damage. x3
The 27-headed Lernaean hydra misses you.
The 27-headed Lernaean hydra bites you!
You die...

##'## #≈≈≈##
#≈≈≈≈##
#≈≈≈≈≈#
####≈≈≈≈#≈≈≈
#$$#'≈≈≈'≈≈.
#$$$##≈≈#≈≈≈
#$D$$######'
#$@$$#
######


You could see the 27-headed Lernaean hydra.

Vanquished Creatures
  A lorocyproca (D)
  A deep elf annihilator (D)
  2 centaur warriors (D)
  Sonja (D)
  A deep troll (D)
  2 unseen horrors (D)
  A lindwurm (D)
  An oklob plant (D)
  A shining eye (D)
  2 sirens (D)
  A gargoyle (D)
  2 kobold demonologists (D)
  4 demonic crawlers (D)
  5 hornets (D)
  A slime creature (D)
  Sigmund (D)
  2 redbacks (D)
  13 hogs (D)
  A yak (D)
  4 floating eyes (D)
  7 necrophages (D)
  An ogre (D)
  8 jellies (D)
  Ijyb (D)
  3 ballistomycetes (D)
67 creatures vanquished.

Vanquished Creatures (collateral kills)
  A mummy priest (D)
  A hydra (D)
  7 shining eyes (D)
  An oklob plant (D)
  A hellwing (D)
  3 floating eyes (D)
14 creatures vanquished.

Vanquished Creatures (others)
  A gargoyle (D)
  2 ballistomycete spores (D)
3 creatures vanquished.

Grand Total: 84 creatures vanquished

Notes
Turn   | Place    | Note
-------+----------+-------------------------------------------
     0 | D        | dvd the Minotaur Fighter began the quest for the Orb.
     0 | D        | Reached XP level 1. HP: 19/19 MP: 0/0
     1 | D        | Noticed Ijyb
    15 | D        | Killed Ijyb
    15 | D        | Reached skill level 5 in Fighting
    15 | D        | Reached skill level 3 in Axes
    15 | D        | Reached skill level 5 in Armour
    15 | D        | Reached skill level 5 in Shields
    15 | D        | Reached XP level 2. HP: 23/29 MP: 1/1
    80 | D        | Noticed an ogre
    84 | D        | Killed an ogre
    84 | D        | Reached skill level 4 in Axes
    84 | D        | Reached XP level 3. HP: 39/39 MP: 2/2
    84 | D        | Reached XP level 4. HP: 47/47 MP: 3/3
    95 | D        | Noticed Sigmund
   109 | D        | Killed Sigmund
   109 | D        | Reached skill level 7 in Axes
   109 | D        | Reached XP level 5. HP: 39/56 MP: 4/4
   215 | D        | Found a deep blue altar of Sif Muna.
   217 | D        | Found a radiant altar of Vehumet.
   220 | D        | Reached XP level 6. HP: 59/62 MP: 5/5
   240 | D        | Found Caocytog's Jewellery Emporium.
   240 | D        | Found an ancient bone altar of Kikubaaqudgha.
   240 | D        | Found a hazy altar of Hepliaklqana.
   240 | D        | Found a hide-covered altar of Uskayaw.
   240 | D        | Found a basalt altar of Yredelemnul.
   240 | D        | Found an opulent altar of Gozag.
   240 | D        | Found a snail-covered altar of Cheibriados.
   240 | D        | Found a sacrificial altar of Ru.
   240 | D        | Found a shadowy altar of Dithmenos.
   240 | D        | Noticed a yak
   248 | D        | Killed a yak
   248 | D        | Reached skill level 8 in Axes
   249 | D        | Found a stormy altar of Qazlal.
   249 | D        | Found a blossoming altar of Fedhas.
   249 | D        | Found a bloodstained altar of Trog.
   249 | D        | Found an iron altar of Okawaru.
   249 | D        | Found a glowing golden altar of the Shining One.
   249 | D        | Found a glowing silver altar of Zin.
   249 | D        | Found a white marble altar of Elyvilon.
   252 | D        | Found a sparkling altar of Nemelex Xobeh.
   259 | D        | Became a worshipper of Trog the Wrathful
   268 | D        | Noticed Sonja
   277 | D        | Killed Sonja
   277 | D        | Reached skill level 10 in Fighting
   277 | D        | Reached skill level 11 in Axes
   277 | D        | Reached skill level 10 in Armour
   277 | D        | Reached skill level 1 in Dodging
   277 | D        | Reached XP level 7. HP: 73/73 MP: 6/6
   390 | D        | Found Quddamif's Magic Scroll Boutique.
   410 | D        | Noticed a deep troll
   419 | D        | Killed a deep troll
   419 | D        | Reached * piety under Trog
   419 | D        | Reached skill level 12 in Axes
   419 | D        | Reached XP level 8. HP: 72/82 MP: 7/7
   486 | D        | Noticed a centaur warrior
   491 | D        | Noticed a centaur warrior
   495 | D        | Killed a centaur warrior
   495 | D        | Reached skill level 13 in Axes
   495 | D        | Reached XP level 9. HP: 82/90 MP: 8/8
   514 | D        | Killed a centaur warrior
   514 | D        | Reached skill level 14 in Axes
   528 | D        | Reached ** piety under Trog
   830 | D        | Killed a gargoyle
   900 | D        | Bought a +5 ring of evasion for 550 gold pieces
   916 | D        | Found a burning altar of Makhleb.
   916 | D        | Found a viscous altar of Jiyva.
   916 | D        | Found a shimmering altar of Xom.
   916 | D        | Found a corrupted altar of Lugonu.
  1065 | D        | Noticed a kobold demonologist
  1069 | D        | Paralysed by a floating eye for 4 turns
  1076 | D        | Noticed a kobold demonologist
  1079 | D        | Noticed a red devil
  1079 | D        | Killed a kobold demonologist
  1087 | D        | Killed a kobold demonologist
  1087 | D        | Reached *** piety under Trog
  1087 | D        | Reached skill level 15 in Axes
  1088 | D        | Noticed a demonic crawler
  1088 | D        | Noticed a demonic crawler
  1088 | D        | Noticed a demonic crawler
  1088 | D        | Noticed a demonic crawler
  1101 | D        | Killed a demonic crawler
  1101 | D        | Reached XP level 10. HP: 100/100 MP: 9/9
  1102 | D        | Reached **** piety under Trog
  1106 | D        | Reached skill level 15 in Shields
  1223 | D        | Noticed a gargoyle
  1234 | D        | Killed a gargoyle
  1243 | D        | Noticed a lindwurm
  1253 | D        | Killed a lindwurm
  1253 | D        | Reached skill level 16 in Axes
  1463 | D        | Noticed an oklob plant
  1470 | D        | Killed an oklob plant
  1470 | D        | Reached ***** piety under Trog
  1476 | D        | Received a gift from Trog
  1552 | D        | Received a gift from Trog
  1600 | D        | Got an ichor-stained shortbow {god gift}
  1606 | D        | Identified the +5 shortbow of Kiafri {freeze, Int+3} (Trog gifted it to you in the Dungeon)
  1688 | D        | Killed an unseen horror
  1695 | D        | Reached skill level 17 in Axes
  1698 | D        | Killed an unseen horror
  1698 | D        | Reached XP level 11. HP: 99/111 MP: 10/10
  1699 | D        | Received a gift from Trog
  1727 | D        | Found Uleom's Magic Scroll Shoppe.
  1727 | D        | Found Qegolecs's Antique Weapon Shop.
  1727 | D        | Found Muitupp's Jewellery Boutique.
  1729 | D        | Found Nomitug's Food Emporium.
  1729 | D        | Found Kinigeph's Gadget Shop.
  1729 | D        | Found Piof's Food Shoppe.
  1729 | D        | Found Yrghem Fudof's Food Boutique.
  1729 | D        | Found Piahang's Magic Scroll Emporium.
  1729 | D        | Found Uqaj's Antique Weapon Shop.
  1729 | D        | Found Doecounkiss's Antique Armour Shoppe.
  1733 | D        | Found Ruda's Food Boutique.
  1734 | D        | Found Wait Nybb's Antique Weapon Emporium.
  1734 | D        | Found Zakap's Assorted Antiques.
  1735 | D        | Found Ynnus's Food Emporium.
  1740 | D        | Bought a pair of glowing gloves for 252 gold pieces
  1786 | D        | Found Umooth's Armour Emporium.
  1790 | D        | Bought the +7 ring mail "Muyjienate" {Regen+ rCorr Dex+2} for 669 gold pieces
  1849 | D        | Reached ****** piety under Trog
  1874 | D        | Received a gift from Trog
  1950 | D        | Noticed a 12-headed hydra
  1952 | D        | Paralysed by a floating eye for 4 turns
  1955 | D        | Killed an 11-headed hydra
  1955 | D        | Reached skill level 15 in Fighting
  2099 | D        | Noticed a daeva
  2115 | D        | Noticed a deep elf annihilator
  2121 | D        | Reached skill level 15 in Armour
  2126 | D        | Received a gift from Trog
  2126 | D        | Reached skill level 18 in Axes
  2133 | D        | Killed a deep elf annihilator
  2133 | D        | Reached skill level 5 in Dodging
  2144 | D        | Received a gift from Trog
  2145 | D        | Noticed a mummy priest
  2165 | D        | Noticed an oklob plant
  2277 | D        | Noticed a lorocyproca
  2297 | D        | Killed a lorocyproca
  2558 | D        | Noticed a shining eye
  2558 | D        | Noticed a shining eye
  2558 | D        | Noticed a shining eye
  2558 | D        | Noticed a shining eye
  2558 | D        | Noticed a shining eye
  2558 | D        | Noticed a shining eye
  2558 | D        | Gained mutation: You are frail. (-10% HP) [a shining eye]
  2559 | D        | Gained mutation: You are very frail. (-20% HP) [a shining eye]
  2559 | D        | Gained mutation: You are weak. (Str -2) [a shining eye]
  2560 | D        | Gained mutation: Scrolls take you a little longer to read. [a shining eye]
  2563 | D        | Gained mutation: You occasionally shout uncontrollably at your foes. [a shining eye]
  2564 | D        | Paralysed by a floating eye for 2 turns
  2564 | D        | Gained mutation: Your magical capacity is low. (-10% MP) [a shining eye]
  2565 | D        | Killed a shining eye
  2565 | D        | Gained mutation: You regenerate slowly when monsters are visible. [a shining eye]
  2565 | D        | Gained mutation: Armour fits poorly on your strangely shaped body. [a shining eye]
  2565 | D        | Killed a shining eye
  2567 | D        | Gained mutation: You expend magic power (3 MP) to strengthen your wands. [a shining eye]
  2568 | D        | Gained mutation: You sometimes yell uncontrollably at your foes. [a shining eye]
  2568 | D        | Killed a shining eye
  2570 | D        | Gained mutation: You are clumsy. (Dex -2) [a shining eye]
  2571 | D        | Killed a shining eye
  2571 | D        | Received a gift from Trog
  2572 | D        | Noticed a shining eye
  2572 | D        | Noticed a shining eye
  2573 | D        | Killed a shining eye
  2573 | D        | Reached skill level 1 in Stealth
  2573 | D        | Reached XP level 12. HP: 98/98 MP: 3/9
  2573 | D        | Gained mutation: You are extremely frail. (-30% HP) [a shining eye]
  2573 | D        | Lost mutation: You regenerate slowly when monsters are visible. [a shining eye]
  2581 | D        | Reached skill level 19 in Axes
  2586 | D        | Found Jawybup's Book Shoppe.
  2586 | D        | Found Rely's Food Shop.
  2586 | D        | Found Tuyly's General Store.
  2586 | D        | Found Liycwuh's Antique Weapon Boutique.
  2890 | D        | Noticed a jiangshi
  2910 | D        | Killed a mummy priest
  3019 | D        | Noticed the 27-headed Lernaean hydra
  3026 | D        | HP: 1/86 [the 27-headed Lernaean hydra (6)]
  3026 | D        | Mangled by the 27-headed Lernaean hydra

Skill      XL: |  1  2  3  4  5  6  7  8  9 10 11 12 |
---------------+-------------------------------------+-----
Fighting       | 5 7 8 10 11 12 14 16 | 16.7
Axes           | 3 4 7 11 12 13 15 17 18 19 | 19.0
Armour         | 5 6 8 10 11 12 14 15 | 15.9
Shields        | 5 6 8 11 12 13 14 16 18 | 18.4
Dodging        | 1 2 3 4 6 7 |  7.0
Stealth        | 1 |  1.3

Action                   |  1- 3 |  4- 6 |  7- 9 | 10-12 || total
-------------------------+-------+-------+-------+-------++-------
Melee: War axe           |    16 |    26 |    74 |    28 ||   144
       Headbutt          |     1 |     6 |    16 |    50 ||    73
       Hand axe          |       |       |       |   122 ||   122
       Broad axe         |       |       |       |    18 ||    18
       Battleaxe         |       |       |       |     1 ||     1
Invok: Berserk           |       |       |     2 |     1 ||     3
       Brothers in Arms  |       |       |       |     6 ||     6
       Trog's Hand       |       |       |       |     1 ||     1
  Use: Potion            |       |     3 |     2 |     4 ||     9
       Scroll            |       |       |     2 |     2 ||     4
 Stab: Distracted        |       |       |       |     1 ||     1
  Eat: Bread ration      |       |       |       |     2 ||     2
       Chunk             |       |       |       |     4 ||     4
       Beef jerky        |       |       |       |     1 ||     1
Armor: Scale mail        |     4 |       |       |       ||     4
       Chain mail        |       |    15 |    23 |    22 ||    60
       Ring mail         |       |       |       |    57 ||    57
Dodge: Dodged            |     4 |     6 |    33 |    77 ||   120
Block: Shield            |     9 |    21 |    48 |    69 ||   147
